Map: Catalyst LE

Players

SpeCial

  • Race: Terran Terran
  • Spawn Location: 5:00

ShoWTimE - Winner!

  • Race: Protoss Protoss
  • Spawn Location: 11:00

Event: IEM Season 12 - Katowice

VOD

Have the link to the VOD?

Description

Time

  • Played on: March 1, 2018, 9:13 a.m.
  • Length: 12:08

All games in this series

Show
View Real Time Build Order
Export as new Build Order

SpeCial Terran 

Build Orders: Gas First Reaper Expand, Reaper Expand, MMM Bio 

Get SALT Encoding   

  12  0:00  SCV  
  13  0:12  SCV  
  14  0:17  Supply Depot  
  14  0:24  SCV  
  15  0:28  Refinery  
  15  0:39  SCV  
  16  0:44  Barracks  
  16  0:51  SCV  
  17  1:03  SCV  
  18  1:15  SCV  
  19  1:31  Reaper  
  19  1:32  Orbital Command  
  20  1:46  Command Center  
  20  1:56  Factory  
  20  2:00  SCV  
  21  2:06  Barracks Reactor  
  21  2:13  Engineering Bay  
  21  2:15  SCV  
  22  2:22  Supply Depot  
  22  2:28  Refinery  
  22  2:29  SCV  
  23  2:43  SCV  
  24  2:48  Hellion x2  
  28  2:55  SCV  
  29  2:58  Orbital Command  
  29  3:10  Cyclone  
  32  3:14  Cyclone  
  32  3:19  SCV  
  36  3:26  SCV  
  37  3:29  Barracks Tech Lab  
  37  3:31  SCV  
  37  3:33  Supply Depot  
  38  3:40  SCV  
  39  3:43  SCV  
  39  3:46  Cyclone  
  39  3:47  Cyclone  
  46  3:51  Supply Depot  
  46  3:55  SCV x2, Marine  
  49  4:07  SCV x2  
  51  4:10  Stimpack  
  47  4:17  Supply Depot  
  47  4:19  SCV  
  47  4:20  Marine  
  47  4:21  Widow Mine x2  
  52  4:26  SCV  
  50  4:32  Command Center  
  50  4:38  Marine  
  51  4:39  SCV  
  51  4:43  Barracks  
  52  4:46  Barracks  
  52  4:47  SCV  
  52  4:51  SCV  
  54  4:55  Marine  
  54  4:59  SCV  
  56  5:00  Supply Depot, Factory Tech Lab  
  56  5:03  SCV  
  57  5:11  SCV, Engineering Bay  
  57  5:13  Marine  
  59  5:15  SCV  
  60  5:23  SCV  
  60  5:27  SCV, Factory Reactor  
  61  5:29  Starport  
  61  5:31  Supply Depot  
  61  5:33  Refinery x2  
  61  5:35  SCV  
  62  5:37  Marine  
  62  5:39  SCV, Marine x2  
  66  5:43  Terran Infantry Weapons Level 1  
  66  5:44  Orbital Command  
  66  5:47  SCV  
  67  5:51  Missile Turret, SCV, Marine, Combat Shields  
  67  5:55  Marine  
  70  6:03  SCV x2  
  72  6:05  Marine x2  
  72  6:06  Barracks  
  72  6:07  Barracks  
  72  6:11  Factory Reactor  
  74  6:15  SCV, Medivac  
  74  6:16  Medivac, Marauder x2  
  74  6:17  Orbital Command  
  83  6:20  Supply Depot  
  83  6:23  SCV  
  83  6:24  Supply Depot  
  84  6:27  SCV  
  84  6:30  Marine x2  
  87  6:35  SCV  
  87  6:37  Marauder x2  
  87  6:39  SCV  
  93  6:43  SCV  
  93  6:46  Concussive Shells  
  94  6:47  SCV, Marine  
  94  6:48  Marine  
  94  6:51  SCV  
  94  6:52  Medivac  
  100  6:55  Medivac  
  100  6:57  Widow Mine  
  100  6:58  Widow Mine, Marauder x2  
  100  7:00  SCV x2  
  112  7:04  Supply Depot, Barracks Tech Lab  
  112  7:05  Barracks Reactor  
  112  7:09  SCV  
  112  7:14  Marine x2  
  112  7:15  SCV x2  
  114  7:20  Marauder  
  114  7:21  SCV  
  117  7:26  Marauder  
  117  7:27  SCV  
  120  7:31  SCV  
  120  7:34  Marine x2  
  123  7:37  SCV, Starport  
  123  7:39  Refinery x2  
  123  7:40  Supply Depot  
  114  7:44  Marine  
  114  7:45  Marine, Marauder x2  
  114  7:46  Medivac x2  
  124  7:51  Terran Infantry Armor Level 1  
  124  7:56  SCV, Armory  
  125  7:59  Engineering Bay  
  125  8:02  SCV  
  125  8:03  Supply Depot  
  126  8:06  Supply Depot  
  126  8:07  Supply Depot  
  126  8:15  Marine x2  
  126  8:16  Marine x2  
  126  8:17  Command Center, Marauder  
  132  8:22  Supply Depot  
  132  8:24  Viking x2  
  132  8:25  Marauder x2  
  138  8:30  Viking  
  138  8:38  Marine x2  
  138  8:39  Marine x2, Marauder  
  127  8:44  Viking  
  129  8:50  Ghost Academy  
  129  8:53  Marauder x2  
  129  8:54  SCV x2  
  129  8:55  SCV  
  136  8:56  Viking x2, Marine x3  
  136  8:57  Marine  
  136  8:59  Terran Infantry Weapons Level 2  
  136  9:00  Terran Ship Weapons Level 1  
  144  9:06  Supply Depot  
  144  9:08  Viking  
  146  9:11  SCV x3  
  149  9:20  Marine  
  149  9:22  Marine x3  
  149  9:23  SCV  
  156  9:25  Ghost x2  
  156  9:26  Ghost  
  156  9:27  Viking  
  156  9:31  Viking  
  161  9:42  Planetary Fortress  
  161  9:45  SCV x2  
  161  9:56  Marine x2  
  161  9:57  Marauder  
  165  10:02  Marine x2, Marauder  
  165  10:03  Marauder  
  165  10:05  Viking  
  165  10:06  Viking  
  175  10:08  Barracks  
  175  10:09  SCV x3, Barracks  
  175  10:13  Viking  
  179  10:14  Marine x2  
  179  10:18  Marauder  
  179  10:19  Viking  
  179  10:20  Marine  
  187  10:21  SCV  
  187  10:24  Marauder  
  187  10:25  Marine  
  183  10:31  Liberator x2  
  183  10:33  Marauder  
  169  10:38  SCV x3  
  169  10:41  Marine x2  
  169  10:42  Marauder  
  138  10:46  Marine x2, Marauder  
  138  10:49  SCV  
  122  10:50  SCV, Liberator  
  122  10:54  Marine  
  110  10:59  Marine x2  
  110  11:03  Marauder  
  97  11:12  Marine  
  97  11:13  Marine x2, Marauder  
  97  11:14  SCV  
  97  11:16  Barracks Tech Lab  
  95  11:29  Marine x2  
  95  11:30  Marine x2, Marauder  
  95  11:31  Marine  
  95  11:32  SCV x2  
  102  11:33  SCV  
  102  11:34  Marauder  
  102  11:35  Barracks Tech Lab  
  102  11:39  Marauder  
  113  11:47  Marine x2  
  113  11:48  Marine x2  
Show
View Real Time Build Order
Export as new Build Order

ShoWTimE Protoss - Winner!

Build Orders: 1 Gate Expand, Oracle Opening 

Get SALT Encoding   

  12  0:00  Probe  
  13  0:12  Probe  
  14  0:17  Pylon  
  14  0:24  Probe (Chrono Boost)  
  15  0:36  Probe (Chrono Boost)  
  15  0:40  Gateway  
  16  0:44  Probe (Chrono Boost)  
  16  0:46  Assimilator  
  17  0:51  Probe  
  18  1:03  Probe  
  19  1:15  Probe  
  20  1:25  Nexus  
  20  1:35  Cybernetics Core  
  20  1:38  Probe  
  21  1:44  Assimilator  
  21  1:50  Probe  
  22  1:54  Pylon  
  22  2:02  Probe  
  23  2:10  Adept (Chrono Boost)  
  23  2:14  Probe  
  26  2:17  Stargate  
  26  2:24  Warp Gate  
  26  2:26  Probe  
  26  2:29  Zealot  
  29  2:38  Probe (Chrono Boost)  
  29  2:39  Probe (Chrono Boost)  
  31  2:47  Probe (Chrono Boost)  
  31  2:48  Probe (Chrono Boost)  
  33  2:52  Probe (Chrono Boost)  
  33  2:53  Probe  
  33  2:56  Adept  
  37  3:00  Oracle (Chrono Boost)  
  37  3:05  Probe  
  41  3:09  Probe  
  42  3:14  Pylon  
  42  3:17  Probe  
  43  3:29  Probe  
  43  3:30  Probe  
  43  3:31  Oracle (Chrono Boost)  
  48  3:41  Probe  
  48  3:42  Probe  
  48  3:43  Gateway  
  48  3:44  Gateway  
  50  3:56  Pylon  
  50  4:07  Nexus  
  50  4:08  Pylon  
  50  4:09  Probe x2  
  52  4:21  Probe x2  
  52  4:23  Assimilator  
  54  4:24  Assimilator  
  51  4:33  Probe  
  51  4:34  Twilight Council, Forge  
  51  4:37  Probe  
  51  4:38  Pylon  
  53  4:43  Stalker x3  
  59  4:45  Probe  
  59  4:49  Probe  
  59  4:52  Protoss Ground Weapons Level 1 (Chrono Boost)  
  61  4:58  Probe  
  62  5:01  Probe  
  62  5:06  Sentry x2, Blink (Chrono Boost)  
  67  5:10  Probe  
  67  5:14  Probe  
  69  5:15  Gateway  
  69  5:17  Gateway  
  69  5:20  Probe  
  70  5:22  Probe  
  70  5:26  Probe  
  72  5:32  Probe  
  72  5:34  Probe  
  74  5:37  Gateway  
  74  5:38  Probe  
  74  5:41  Gateway  
  75  5:43  Gateway  
  75  5:44  Probe  
  75  5:46  Probe  
  77  5:52  Robotics Facility  
  77  5:53  Sentry  
  80  5:57  Probe  
  80  5:58  Shield Battery  
  80  5:59  Pylon  
  80  6:01  Stalker  
  80  6:02  Stalker  
  84  6:04  Probe  
  84  6:09  Probe x2  
  84  6:10  Pylon  
  87  6:16  Probe, Assimilator  
  88  6:21  Probe x2, Assimilator  
  90  6:28  Probe, Protoss Ground Armor Level 1 (Chrono Boost)  
  91  6:33  Probe x2  
  91  6:37  Stalker x4  
  101  6:40  Probe, Charge (Chrono Boost)  
  101  6:42  Observer  
  101  6:46  Pylon  
  103  6:52  Stalker x3  
  103  6:53  Pylon  
  109  6:59  Pylon  
  109  7:04  Robotics Bay  
  109  7:05  Observer (Chrono Boost)  
  110  7:10  Robotics Facility  
  110  7:11  Pylon  
  110  7:19  Pylon, Warp Prism (Chrono Boost)  
  112  7:26  Stalker x5  
  121  7:34  Probe x2  
  123  7:43  Pylon, Zealot x3  
  129  7:44  Pylon  
  129  7:52  Forge  
  129  7:54  Colossus (Chrono Boost)  
  129  7:56  Pylon  
  135  8:01  Observer  
  135  8:04  Extended Thermal Lance (Chrono Boost)  
  141  8:09  Colossus (Chrono Boost)  
  141  8:10  Protoss Ground Weapons Level 2 (Chrono Boost)  
  141  8:17  Zealot x4  
  149  8:20  Zealot  
  151  8:33  Zealot x3  
  154  8:38  Protoss Ground Armor Level 2 (Chrono Boost)  
  152  8:43  Pylon  
  152  8:44  Nexus  
  152  8:46  Pylon  
  152  8:52  Pylon  
  152  8:58  Pylon  
  152  9:00  Colossus (Chrono Boost)  
  164  9:08  Colossus (Chrono Boost)  
  164  9:09  Zealot x3  
  170  9:10  Zealot  
  172  9:18  Sentry  
  174  9:24  Templar Archives  
  174  9:25  Zealot  
  174  9:28  Probe x3  
  171  9:45  Zealot x5  
  179  9:46  Zealot x2  
  185  9:55  Disruptor (Chrono Boost)  
  185  9:56  Disruptor (Chrono Boost)  
  189  10:04  High Templar  
  189  10:05  High Templar  
  189  10:06  High Templar x2  
  197  10:09  Pylon, Archon  
  197  10:10  Archon  
  197  10:14  Zealot  
  169  10:36  Zealot x4  
  169  10:39  Colossus x2  
  167  10:46  Zealot x4  
  167  10:47  Probe x2  
  159  10:56  Zealot x4  
  149  11:13  Zealot x4  
  155  11:20  Assimilator  
  155  11:23  Assimilator  
  153  11:25  Probe x2  
  153  11:31  Gateway  
  155  11:35  Gateway  
  155  11:36  High Templar x4  
  155  11:37  Zealot x4, Gateway  
  171  11:40  Gateway  
  171  11:42  Pylon, Archon x2  
  165  12:00  Stalker x4  

Tags
 
Add a new tag
Caveats
  • Supply blocks, unpowered buildings, or Contaminate may cause inaccurate times.
  • Supply counts are checked every 10 seconds.